 Dungeon Crawl Stone Soup version 0.25.1-2-g60ff931df9 (webtiles) character file.

Game seed: 16636508346380817155

217 Araneus the Cudgeler (level 5, -2/41 HPs)
             Began as a Mummy Fighter on Oct 23, 2020.
             Slain by an ogre
             ... wielding a +0 giant club
              (11 damage)
             ... on level 4 of the Dungeon.
             The game lasted 00:04:51 (2988 turns).

Araneus the Cudgeler (Mummy Fighter)                Turns: 2988, Time: 00:04:51

Health: -2/41      AC:  7    Str: 20    XL:     5   Next: 61%
Magic:  5/5        EV:  7    Int:  8    God:
Gold:   91         SH:  8    Dex: 11    Spells: 4/4 levels left

rFire    x . .     SeeInvis .   a - +0 flail
rCold    + . .     Gourm    .   c - +0 kite shield
rNeg     + + +     Faith    .   b - +0 scale mail
rPois    ∞         Spirit   .   (no helmet)
rElec    .         Reflect  .   j - +0 cloak
rCorr    .         Harm     .   (no gloves)
MR       .....                  (no boots)
Stlth    ..........             (no amulet)
HPRegen  0.13/turn              (no ring)
MPRegen  0.09/turn              (no ring)

@: no status effects
A: no food or potions, fire vulnerability, cold resistance 1, negative energy
resistance 3, torment resistance, unbreathing
a: no special abilities


You were on level 4 of the Dungeon.
You were not hungry.

You visited 1 branch of the dungeon, and saw 4 of its levels.

You collected 91 gold pieces.

Inventory:

Hand Weapons
 a - a +0 flail (weapon)
Armour
 b - a +0 scale mail (worn)
 c - a +0 kite shield (worn)
 g - a +0 tower shield
 j - a +0 cloak (worn)
Jewellery
 d - a +4 ring of slaying {unknown}
 f - an uncursed ring of positive energy {unknown}
 k - an uncursed amulet of guardian spirit {unknown}
Scrolls
 e - 4 scrolls of identify
 h - a scroll of amnesia
 i - a scroll of enchant armour


   Skills:
 - Level 3.0 Fighting
 + Level 4.9 Maces & Flails
 - Level 2.4 Armour
 - Level 2.4 Shields


You had 4 spell levels left.
You didn't know any spells.
Your spell library was empty.

Dungeon Overview and Level Annotations

Branches:
Dungeon (4/15)             Temple (0/1) D:4

Altars:
Dithmenos
Elyvilon
Yredelemnul


Innate Abilities, Weirdness & Mutations

You do not eat or drink.
Your flesh is vulnerable to fire.
You are immune to poison.
Your flesh is cold resistant. (rC+)
You are immune to negative energy. (rN+++)
You are immune to unholy pain and torment.
You can survive without breathing.


Message History

There is an open door here.
You see here a scorpion corpse.
Found a twisted platinum amulet.
k - a twisted platinum amulet An ogre comes into view.
It is wielding a +0 giant club.
The ogre shouts!
An orc comes into view. It is wielding a +0 hand axe.
The ogre hits you with a +0 giant club!
You hit the ogre but do no damage.
A gnoll comes into view. It is wielding a +0 spear.
The ogre hits you with a +0 giant club!!
Ouch! That really hurt!
* * * LOW HITPOINT WARNING * * *
A gnoll comes into view. It is wielding a -1 flail.
The gnoll shouts! x2
You hit the ogre.
The ogre is lightly wounded.
You hear the slow rusting of a drain nearby.
The ogre hits you with a +0 giant club!
You die...

*******#............†....#
*****≈*≈≈*≈#.....#####..####.#
,,*≈≈≈**≈*≈#............#..#.# **
,,*≈*≈**≈*≈#.....#####..#....# *,
,,*≈*≈*≈≈*≈#............##<###**,
*,*≈*≈*≈**≈#.....#####..#### *,,
*,*≈*≈*≈≈≈≈####........## *,,
***≈*≈*≈**** #..#####.#*******,,
* *∩*≈≈≈≈≈≈* ##@.......,,,,,,*,,
**********≈* #O#####..,,,,,,***
**≈≈≈≈≈≈≈≈≈****#..,,,,,,,,,,,,*
**≈≈*≈*≈****,,*#...,,,,,,,,,,,***
**,≈,≈≈≈≈≈,,*,*#..o.,,,,,,,****,,
**,,,,,≈,,,,,,*#.....,,********,*
,,,,,,,,,,,,,,,...g.g.,,,***,,*,*
,,,,,,>,,,,,,,,........,,,,,,,,,,
****,,,,********,,,,,,*,,**,,**,*


You could see an ogre, 2 gnolls and an orc.

Vanquished Creatures
  A scorpion (D:4)
  A jelly (D:3)
  Terence (D:2)
  4 adders
  An adder skeleton (D:4)
  A worm (D:3)
  2 dart slugs (D:1)
  4 leopard geckos
  10 bats
  2 giant cockroaches
  5 goblins
  10 hobgoblins
  2 jackals (D:1)
  6 kobolds
  A ball python (D:1)
  7 frilled lizards
  4 rats
62 creatures vanquished.

Notes
Turn   | Place    | Note
-------+----------+-------------------------------------------
     0 | D:1      | Araneus the Mummy Fighter began the quest for the Orb.
     0 | D:1      | Reached XP level 1. HP: 18/18 MP: 1/1
   183 | D:1      | Reached skill level 2 in Maces & Flails
   192 | D:1      | Reached XP level 2. HP: 23/24 MP: 2/2
   695 | D:1      | Reached XP level 3. HP: 29/29 MP: 3/3
   797 | D:1      | Reached skill level 3 in Maces & Flails
  1068 | D:2      | Noticed Terence
  1084 | D:2      | Killed Terence
  1348 | D:2      | Reached XP level 4. HP: 30/35 MP: 4/4
  1558 | D:2      | Reached skill level 4 in Maces & Flails
  1969 | D:3      | Found a shadowy altar of Dithmenos.
  1969 | D:3      | Found a basalt altar of Yredelemnul.
  2068 | D:3      | Found a white marble altar of Elyvilon.
  2088 | D:3      | Reached XP level 5. HP: 20/41 MP: 5/5
  2984 | D:4      | Noticed an ogre
  2988 | D:4      | Slain by an ogre

Illustrated notes

Levels and vault maps discovered:
D:1:      saegor_arrival_under_anarchy, layout_basic, minmay_small_reverse_x
D:2:      layout_basic, kennysheep_generic_room_5, uniq_terence
D:3:      layout_basic, elyvilon_altar_1, nicolae_overflow_hidden_temple
D:4:      layout_basic, minmay_temple_entry_purple_smoke,
          lightli_sewer_entry_pipes, first_ration, minmay_misc_feat_rows,
          kennysheep_windowed_goal

Skill      XL: |  1  2  3  4 |
---------------+-------------+-----
Maces & Flails | 2 3 4 |  4.9
Fighting       | |  3.0
Armour         | |  2.4
Shields        | |  2.4

Action                   |  1- 3 |  4- 6 || total
-------------------------+-------+-------++-------
Melee: Flail             |   143 |   116 ||   259
  Use: Scroll            |       |     4 ||     4
Armor: Scale mail        |    87 |    71 ||   158
Dodge: Dodged            |    37 |    39 ||    76
Block: Kite shield       |    98 |    53 ||   151
